 Dungeon Crawl Stone Soup version 0.18-a0-1497-g788d838 (webtiles) character file.

7 4thArraOfDagon the Caller (level 1, 0/14 HPs)
             Began as a Demigod Summoner on Mar 4, 2016.
             Succumbed to an adder's poison
             ... on level 4 of the Dungeon.
             The game lasted 00:02:08 (353 turns).

4thArraOfDagon the Caller (Demigod Summoner)         Turns: 353, Time: 00:02:09

Health: 0/14       AC:  3    Str: 13    XL:     1   Next: 66%
Magic:  5/5        EV: 12    Int: 19    God:
Gold:   38         SH:  0    Dex: 18    Spells: 1 memorised, 2 levels left

rFire  . . .     SeeInvis +     i - +0 mace
rCold  . . .     Gourm    .     a - +0 robe
rNeg   . . .     Faith    .     (no shield)
rPois  .         Spirit   .     (no helmet)
rElec  .         Dismiss  .     (no cloak)
rCorr  .         Reflect  .     (no gloves)
SustAt +         Harm     .     (no boots)
MR     .....                    (no amulet)
Stlth  ++........               (no ring)
                                d - ring of see invisible

@: lethally poisoned (0 -> -12), not resistant to hostile enchantments,
unstealthy
A: talons 1, rugged brown scales 1, agile 1, high mp 1, strong 1, sustain
attributes, sturdy frame 1
a: no special abilities


You were on level 4 of the Dungeon.
You were not hungry.

You visited 1 branch of the dungeon, and saw 4 of its levels.

You collected 38 gold pieces.

Inventory:

Hand Weapons
 i - a +0 mace (weapon)
Armour
 a - a +0 robe (worn)
Jewellery
 d - a ring of see invisible (left hand)
Scrolls
 e - a scroll of identify {unknown}
Books
 b - a book of Callings

   Spells                             Type                      Level
   a - Summon Small Mammal            Summoning                    1
   b - Call Imp                       Summoning                    2
   c - Call Canine Familiar           Summoning                    3
   d - Summon Guardian Golem          Hexes/Summoning              3
   e - Summon Lightning Spire         Summoning/Air                4
   f - Summon Ice Beast               Ice/Summoning                4
Comestibles
 c - a bread ration


   Skills:
 - Level 1.7 Dodging
 - Level 1.7 Stealth
 + Level 1.9 Spellcasting
 * Level 3.9 Summonings


You had 2 spell levels left.
You knew the following spells:

 Your Spells              Type           Power        Failure   Level  Hunger
a - Summon Small Mammal   Summ           ###.         4%          1    #......


Dungeon Overview and Level Annotations

Branches:
Dungeon (4/15)
 Temple: D:4-7

Shops:
D:4 !

Annotations:
D:3 cireshan's ghost, amateur HEFE


Innate Abilities, Weirdness & Mutations

You have an increased reservoir of magic (+10% MP).
Your attributes are resistant to harm.
You have sharp toenails.
You are partially covered in rugged brown scales (AC +1, +3% HP).
You are agile. (Dex +2)
Your muscles are strong. (Str +2)
Your movements are slightly less encumbered by armour (ER -2).


Message History

Rugged brown scales grow over part of your body.
You feel agile. The adder bites you.
* * * LOW HITPOINT WARNING * * *
You are more poisoned.
The adder poisons you!
Drink which item? (? for menu, Esc to quit)
You feel extremely strange.
You feel less encumbered by your armour.
Your toenails lengthen and sharpen.
* * * LOW HITPOINT WARNING * * *
You feel sick. The adder barely misses you. x2
* * * LOW HITPOINT WARNING * * *
You feel sick.
Found 5 gold pieces.
Unknown command.
You see here 13 gold pieces.
Unknown command.
You now have 38 gold pieces (gained 13).
You die...

,,,,,,,,,,**,*,*,,,,,,*,,,**
,,,,,,,,,,*,.,,..........,,******
,,,,,,,,,,,,..*#.....#..#*,...,,,
,,,,,,,,,***#.##.....#..#*....,,,
,,,,,,,,,.#**[......*#..#,....,,,
,,,,,,,,,...**#....,*#..#.....,,,
,,,,,,,,,,#..##...####..#.....,,,
,,,,,,,,,,,#......§§..........,,,
,,,,,**,,,..#...@S§§..........,,,
*******,*.$.....§§§###..#.....,,,
*,,,....≈≈≈.§§# #<.......,,,
***,,*##.≈≈≈≈≈### ##.#.....,,,
****,,,,* #...∩≈≈#*****.#,....,,,
,,,,,**,* ##≈≈≈≈≈.,,,,*!.,,...,,,
,,,****,* ##≈≈≈..,,,,,..o,,o.,,,
,,,****,****###..#,,,,*##..,,.,,,
,,,**,,,,,,,,,...,,,,,,,*...,,,,,


You could see an adder.

Vanquished Creatures
  A bat (D:2)
  2 rats (D:2)
3 creatures vanquished.

Vanquished Creatures (collateral kills)
  A dart slug (D:1)
  A hobgoblin (D:2)
  A kobold (D:2)
  A bat (D:2)
  A giant newt (D:1)
  A rat (D:2)
6 creatures vanquished.

Grand Total: 9 creatures vanquished

Notes
Turn   | Place    | Note
--------------------------------------------------------------
     0 | D:1      | 4thArraOfDagon the Demigod Summoner began the quest for the Orb.
     0 | D:1      | Reached XP level 1. HP: 14/14 MP: 5/5
   336 | D:3      | Noticed a crimson imp
   336 | D:3      | Noticed cireshan's ghost (amateur HEFE)
   344 | D:4      | Found Tasimeot's Distillery.
   349 | D:4      | Gained mutation: Your muscles are strong. (Str +2) [potion of mutation]
   349 | D:4      | Gained mutation: You are partially covered in rugged brown scales (AC +1, +3% HP). [potion of mutation]
   349 | D:4      | Gained mutation: You are agile. (Dex +2) [potion of mutation]
   350 | D:4      | Gained mutation: Your movements are slightly less encumbered by armour (ER -2). [potion of mutation]
   350 | D:4      | Gained mutation: You have sharp toenails. [potion of mutation]
   353 | D:4      | Succumbed to an adder's poison

Vault maps used:
D:1:      tarquinn_simple_flora_water_e
D:2:      nrook_mini_vaults
D:3:      kennysheep_ying_yang, minmay_surrounded, uniq_grinder, uniq_iyjb
D:4:      serial_shops, nicolae_shop_trees, shop, nicolae_shop_waterfront,
          shop_coins, shop, first_bread, uniq_eustachio

Action                   || total
-------------------------++-------
Melee: Unarmed           ||    18
       Mace              ||     1
 Cast: Summon Small Mamm ||    10
  Use: Scroll            ||     3
       Potion            ||     2
 Stab: Sleeping          ||     2
